 Dungeon Crawl Stone Soup version 0.28.0-43-g3370ac3207 (webtiles) character file.

Game seed: 7433867354737515855

70 terff the Skirmisher (level 4, -2/40 HPs)
             Began as a Hill Orc Fighter on Apr 1, 2022.
             Slain by a gnoll
             ... wielding a +0 halberd
              (10 damage)
             ... on level 2 of the Dungeon.
             The game lasted 00:02:13 (1392 turns).

terff the Skirmisher (Hill Orc Fighter)             Turns: 1392, Time: 00:02:14

Health: -2/40      AC:  7    Str: 18    XL:     4   Next: 22%
Magic:  4/4        EV:  8    Int:  8    God:
Gold:   80         SH:  8    Dex: 12    Spells: 3/3 levels left

rFire   . . .      SeeInvis .   a - +0 war axe
rCold   . . .      Faith    .   i - +0 kite shield
rNeg    . . .      Spirit   .   b - +0 scale mail
rPois   .          Reflect  .   (no helmet)
rElec   .          Harm     .   (no cloak)
rCorr   .          Rampage  .   (no gloves)
Will    .....                   (no boots)
Stlth   ..........              (no amulet)
HPRegen 0.13/turn               (no ring)
MPRegen 0.09/turn               (no ring)

@: no status effects
A: no striking features
a: no special abilities


You were on level 2 of the Dungeon.
You visited 1 branch of the dungeon, and saw 2 of its levels.

You collected 80 gold pieces.

Inventory:

Hand Weapons
 a - a +0 war axe (weapon)
Armour
 b - a +0 scale mail (worn)
 c - a +0 buckler
 i - a +0 kite shield (worn)
Scrolls
 h - a scroll of noise
Potions
 d - a potion of might
 e - a potion of mutation {unknown}
 f - a potion of brilliance {unknown}
 g - a potion of berserk rage {unknown}


   Skills:
 + Level 4.2 Fighting
 + Level 3.7 Axes
 + Level 3.7 Armour
 + Level 0.3 Dodging
 + Level 4.1 Shields


You had 3 spell levels left.
You didn't know any spells.
Your spell library was empty.

Dungeon Overview and Level Annotations

Branches:
Dungeon (2/15)

Altars:


Message History

You block the giant cockroach's attack.
You closely miss the giant cockroach. You block the giant cockroach's attack.
The gnoll hits you from afar with a +0 halberd.
The giant cockroach bites you but does no damage.
You barely miss the giant cockroach. You block the giant cockroach's attack.
You block the gnoll's attack. The giant cockroach barely misses you.
The gnoll barely misses you.
You hit the giant cockroach but do no damage.
The giant cockroach bites you but does no damage.
You block the gnoll's attack.
The giant cockroach bites you but does no damage.
You closely miss the giant cockroach.
The gnoll hits you from afar with a +0 halberd.
The giant cockroach barely misses you. The gnoll barely misses you.
You block the giant cockroach's attack.
You closely miss the giant cockroach. You block the gnoll's attack.
You block the giant cockroach's attack.
You hit the giant cockroach but do no damage.
You block the giant cockroach's attack. You block the gnoll's attack.
The giant cockroach barely misses you. The gnoll barely misses you.
You closely miss the giant cockroach.
The giant cockroach bites you but does no damage.
You block the gnoll's attack.
The giant cockroach bites you but does no damage.
You slash the giant cockroach!
You kill the giant cockroach!
You block the gnoll's attack.
The gnoll hits you from afar with a +0 halberd!
The gnoll hits you with a +0 halberd.
You barely miss the gnoll. The gnoll closely misses you.
You closely miss the gnoll. The gnoll hits you with a +0 halberd!
The gnoll hits you with a +0 halberd.
* * * LOW HITPOINT WARNING * * *
You hit the gnoll.
The gnoll is moderately wounded.
You block the gnoll's attack.
You hit the gnoll.
The gnoll is heavily wounded.
The gnoll hits you with a +0 halberd!
You die...

..^.=.#'#...#####.########
.....#.#
#.................
......#.#
#.####....#.......
......#..
#)####.###........ .....
##. #.#......#........
.....
#..#.#.##.#..........
##..#.# #.####.......
..>#g# #...........# #
####.#@#.######....##.#
#.##.##..<#.........### #
#....##...#######...#
##......# #...#
#.......#######...#
#.####.รท..........# #.#
#..........#.# #.#
#.##########.# #.####.# ..


You could see a gnoll.

Vanquished Creatures
  2 gnolls
  An adder (D:2)
  2 dart slugs (D:1)
  3 ball pythons (D:1)
  4 bats
  An endoplasm (D:1)
  2 giant cockroaches
  5 hobgoblins
  4 kobolds
  3 quokkas (D:1)
  A frilled lizard (D:1)
  2 goblins (D:1)
  7 rats
37 creatures vanquished.

Notes
Turn   | Place    | Note
-------+----------+-------------------------------------------
     0 | D:1      | terff the Hill Orc Fighter began the quest for the Orb.
     0 | D:1      | Reached XP level 1. HP: 19/19 MP: 1/1
    23 | D:1      | Reached XP level 2. HP: 12/27 MP: 2/2
   378 | D:1      | Reached XP level 3. HP: 32/33 MP: 3/3
  1196 | D:2      | Reached XP level 4. HP: 23/40 MP: 4/4
  1392 | D:2      | Slain by a gnoll

Illustrated notes

Levels and vault maps discovered:
D:1:      lemuel_arrival_lava_pool, layout_rooms, hangedman_decor_points,
          minmay_pentomino_z4
D:2:      layout_basic, nicolae_ecumenical_lake_church

Skill      XL: |  1  2  3 |
---------------+----------+-----
Fighting       | 4 |  4.2
Shields        | 4 |  4.1
Axes           | 3 |  3.7
Armour         | |  3.7
Dodging        | |  0.3

Action                   |  1- 3 |  4- 6 || total
-------------------------+-------+-------++-------
Melee: War axe           |    78 |    23 ||   101
  Use: Scroll            |     1 |       ||     1
Armor: Scale mail        |    57 |    10 ||    67
Dodge: Dodged            |    62 |     9 ||    71
Block: Buckler           |    22 |       ||    22
       Kite shield       |     6 |    19 ||    25
